Cogmind - Beta 12 @@@ ROGUE MODE // 2023.12.04 @ 21:12:46 Player: zapruda Result: Destroyed self via exploding Fusion Modulator Performance ------------- Evolutions (6) 3000 Regions Visited (12) 2400 Robots Destroyed (107) 535 Value Destroyed (2906) 2906 Prototype IDs (36) 720 Alien Tech Used (0) 0 Bonus (728) 728 TOTAL SCORE: 10289 Bonus ------- High Alert Combat Kills 235 Follower Combat Kills 193 Aligned with FarCom 300 Cogmind --------- Core Integrity 0/1150 Matter 47/300 Energy 92/100 System Corruption 6% Temperature Cool (26) Movement Flying (42) Location -4/Factory Parts ------- > --- POWER (2) -------- (None) > --- PROPULSION (6) --- Field Propulsion Drive Field Propulsion Drive > --- UTILITY (8) ------ Advanced Coolant Injector Machine Analyzer Enhanced Optical Array Advanced Melee Analysis Suite Advanced Melee Analysis Suite > --- WEAPON (3) ------- Power Sword > --- INVENTORY (5) ---- Reinforced Fission Core Improved Thermal Generator Experimental Sensor Array Force Booster Force Lance Peak State ------------ > --- POWER ------------ Reinforced Fission Core Micro Fission Core > --- PROPULSION ------- Gravmag Array Gravmag Array Gyrokinetic Inverter Gyrokinetic Inverter > --- UTILITY ---------- Small Storage Unit Machine Analyzer Enhanced Optical Array Advanced Melee Analysis Suite Advanced Melee Analysis Suite Advanced Melee Analysis Suite Advanced Melee Analysis Suite Improved System Shield > --- WEAPON ----------- Powered Hammer Power Maul Power Sword > --- INVENTORY -------- Micro Fission Core Gyrokinetic Inverter Advanced Coolant Injector Experimental Sensor Array Advanced ECM Suite Hardened Heavy Armor Plating Improved Remote Datajack [Rating: 95] Favorites ----------- Power Light Nuclear Core Engine Light Angular Momentum Engine Power Core Light Nuclear Core Propulsion Improved Airjet Treads Armored Treads Leg Aluminum Leg Wheel Armored Huge Wheel Hover Unit Improved Airjet Flight Unit Flight Unit Utility Small Storage Unit Device Experimental Sensor Array Storage Small Storage Unit Processor Core Analyzer Hackware Hacking Suite Protection Improved Medium Armor Plating Weapon Powered Hammer Energy Gun Beamcaster Ballistic Gun Light Assault Rifle Launcher Micro-nuke Launcher Special Weapon Improved Remote Datajack Impact Weapon Powered Hammer Slashing Weapon Power Sword Piercing Weapon Spear Build | -11 -10 -10 -9 -9 -9 -8 -8 -7 -7 -6 -5 -4 ------- Run | Jun Mat Min Mat Min Exi Min Mat Fac Sto Fac Fac Fac Slots Evolved 12 | . . . 2 . . . 2 2 . 2 2 2 Power 1 | . . . . . . . . . . 1 . . Propulsion 4 | . . . 2 . . . . . . . . 2 Utility 6 | . . . . . . . 2 2 . . 2 . Weapon 1 | . . . . . . . . . . 1 . . Parts Attached 197 | . 11 10 10 6 1 4 32 46 22 12 18 25 Power 21 | . . 2 1 . 1 . 2 3 5 2 3 2 Engine 11 | . . 2 . . 1 . . 1 5 2 . . Core 10 | . . . 1 . . . 2 2 . . 3 2 Reactor . | . . . . . . . . . . . . . Propulsion 70 | . 6 5 5 3 . 2 3 12 13 4 5 12 Treads 6 | . . . 2 2 . . . . . 1 . 1 Leg 6 | . 1 2 . . . 1 . 2 . . . . Wheel 4 | . . . . . . . 2 2 . . . . Hover 31 | . . . . . . . . 8 11 3 5 4 Flight 23 | . 5 3 3 1 . 1 1 . 2 . . 7 Utility 58 | . 4 . . . . . 7 23 3 6 8 7 Device 26 | . 1 . . . . . 4 11 1 2 3 4 Storage 2 | . 1 . . . . . 1 . . . . . Processor 13 | . 1 . . . . . 1 3 . 3 2 3 Hackware 4 | . 1 . . . . . 1 . . 1 1 . Protection 13 | . . . . . . . . 9 2 . 2 . Artifact . | . . . . . . . . . . . . . Weapon 48 | . 1 3 4 3 . 2 20 8 1 . 2 4 Energy Gun 15 | . . 2 1 . . 1 9 2 . . . . Energy Cannon . | . . . . . . . . . . . . . Ballistic Gun 11 | . 1 1 2 2 . . 2 2 . . . 1 Ballistic Cannon . | . . . . . . . . . . . . . Launcher 4 | . . . . 1 . . 2 . . . . 1 Special Weapon 1 | . . . . . . . . . . . 1 . Impact Weapon 13 | . . . 1 . . 1 7 3 1 . . . Slashing Weapon 2 | . . . . . . . . . . . 1 1 Piercing Weapon 2 | . . . . . . . . 1 . . . 1 Special Melee Weapon . | . . . . . . . . . . . . . Unidentified Prototypes 13 | . . . 2 . . . 3 4 2 . 1 1 Parts Lost 57 | . 2 2 . 4 . 4 5 3 11 . 7 19 Power 10 | . 1 . . 1 . 1 . 1 2 . 3 1 Propulsion 25 | . 1 . . 3 . 1 3 1 6 . 2 8 Utility 11 | . . . . . . . 1 1 2 . 2 5 Weapon 11 | . . 2 . . . 2 1 . 1 . . 5 Highest Loss Streak 7 | . 1 1 . 3 . 4 5 1 4 . 3 7 To Critical Strikes . | . . . . . . . . . . . . . Average Slot Usage (%) 87 | . 82 96 85 78 74 91 94 90 98 80 74 64 Engine 3 | . 5 10 . . 8 7 . . 6 9 1 . Core 3 | . . . 5 5 . . 9 5 . . 3 6 Treads 2 | . . . 11 5 11 11 1 . . . . 2 Leg 3 | . 15 10 2 . . 2 . . . . . . Wheel 2 | . . . . . . . 8 5 . . . . Hover 9 | . . . . . . . . 17 28 16 10 14 Flight 10 | . 12 16 27 30 22 29 23 . . . . 2 Device 4 | . 1 . . . . . 12 7 7 1 3 4 Storage 8 | . 14 14 11 11 11 11 9 7 7 6 5 1 Processor 11 | . 3 . . . . . 4 17 23 27 23 25 Hackware 6 | . 1 14 11 11 11 11 9 6 . 2 5 1 Protection 1 | . . . . . . . . 4 6 . 1 . Energy Gun 3 | . 6 13 . 2 . 7 7 . . . . . Ballistic Gun 5 | . 21 14 6 10 11 7 2 . . . . 1 Impact Weapon 5 | . . . 10 . . 3 4 6 8 13 11 1 Piercing Weapon 1 | . . . . . . . . 4 5 . . . Naked Turns . | . . . . . . . . . . . . . Heaviest Build 60 | 11 11 12 18 18 17 22 19 30 28 29 44 60 Greatest Support 62 | 20 20 15 20 18 20 20 26 56 46 44 40 62 Greatest Overweight (x) 1 | . . 1 1 . . 1 1 1 . 1 1 1 Average Overweight (x) . | . . . . . . . . . . . . . Largest Inventory Capacity 8 | 8 8 8 8 8 8 8 8 8 8 8 8 8 Average Capacity 7 | 8 8 8 8 8 8 8 8 8 8 8 8 5 Most Carried 8 | 6 8 8 8 8 8 8 8 8 8 8 8 8 Average Carried 7 | 6 7 6 7 7 7 7 7 7 6 6 6 4 Final Capacity 8 | 8 8 8 8 8 8 8 8 8 8 8 8 5 Final Carried 8 | 6 8 7 8 8 8 8 8 8 4 8 8 5 Class Distribution -------------------- 42% | Mutant 22% | Scout 21% | Scavenger-Mutant 7% | Hacker-Mutant 3% | Hacker-Assassin Dominant Class ---------------- Mutant | -10/Materials Scavenger-Mutant | -10/Mines Mutant | -9/Materials Mutant | -9/Mines Mutant | -9/Exiles Scavenger-Mutant | -8/Mines Scavenger-Mutant | -8/Materials Scout | -7/Factory Mutant | -7/Storage Mutant | -6/Factory Scout | -5/Factory Scout | -4/Factory Resources | -11 -10 -10 -9 -9 -9 -8 -8 -7 -7 -6 -5 -4 ----------- Run | Jun Mat Min Mat Min Exi Min Mat Fac Sto Fac Fac Fac Matter Collected 2397 | 200 279 169 70 108 . 130 300 524 268 11 290 48 Remotely . | . . . . . . . . . . . . . Salvage Created 3908 | . 509 212 110 80 . 187 367 871 1037 127 363 45 Parts 148 | . 35 17 3 6 . 8 22 20 22 2 7 6 Haulers Intercepted 12 | . 2 . 1 . . . 3 1 4 1 . . Recyclers Shooed 1 | . 1 . . . . . . . . . . . Parts Field Recycled . | . . . . . . . . . . . . . Retrieved Matter . | . . . . . . . . . . . . . Parts Self-Destructed . | . . . . . . . . . . . . . Prevented . | . . . . . . . . . . . . . Kills | -11 -10 -10 -9 -9 -9 -8 -8 -7 -7 -6 -5 -4 ------- Run | Jun Mat Min Mat Min Exi Min Mat Fac Sto Fac Fac Fac Combat Hostiles Destroyed 88 | . 11 6 1 22 . 5 5 11 15 . 9 3 Melee 22 | . . . . . . . . 8 8 . 6 . Guns 26 | . 11 6 . 3 . 3 3 . . . . . AOE 23 | . . . . 19 . . 1 . . . . 3 Classes Destroyed 17 | . 5 2 1 1 . . 2 2 2 . 1 1 Worker 6 | . . 1 . . . . . 1 3 1 . . Builder 4 | . . . . . . . 1 . 3 . . . Tunneler 1 | . . 1 . . . . . . . . . . Hauler 12 | . 2 . 1 . . . 3 1 4 1 . . Recycler 4 | . . . . . . . . 4 . . . . Operator 4 | . 2 . . . . . 1 . 1 . . . Drone 1 | . . . . . . . . . . . 1 . Watcher 8 | . 3 . 1 . . . . 3 . 1 . . Swarmer 26 | . 6 4 . 3 . 2 1 4 2 . 3 1 Cutter 2 | . . . . . . . . . . . . 2 Grunt 22 | . 5 2 . . . 3 2 4 6 . . . Brawler 2 | . . . . . . . . . 2 . . . Duelist 1 | . . . . . . . . . 1 . . . Sentry 9 | . . . 1 . . . 1 1 3 . 3 . Hunter 2 | . . . . . . . 1 . 1 . . . Programmer 4 | . . . . . . . . 2 . . 2 . Assembled 19 | . . . . 19 . . . . . . . . Best Kill Streak 19 | . 5 3 1 19 . 3 2 4 5 1 4 2 Combat Bots Only 19 | . 4 3 1 19 . 3 1 4 4 . 4 2 Max Kills in Single Turn 7 | . 1 1 1 7 . 1 1 1 2 1 1 2 Gunslinging . | . . . . . . . . . . . . . Exploded 7 | . . . . 7 . . 1 . . . . 2 Melee 2 | . . . . . . . . 1 2 . 1 . Uniques/NPCs Destroyed . | . . . . . . . . . . . . . Combat | -11 -10 -10 -9 -9 -9 -8 -8 -7 -7 -6 -5 -4 -------- Run | Jun Mat Min Mat Min Exi Min Mat Fac Sto Fac Fac Fac Damage Taken 9486 | . 509 345 179 424 . 610 542 993 1737 60 1298 2789 Core 2662 | . 102 114 30 58 . 147 143 223 306 . 348 1191 Absorbed by Shields . | . . . . . . . . . . . . . Redirected to Shielding 101 | . . . . . . . . 101 . . . . Regen/Repaired (Parts) 83 | . . . . . . . . 11 . 72 . . Core Remaining (%) 59 | 100 . 13 . . . 41 74 . 24 100 65 . Volleys Fired 184 | . 76 27 1 12 . 14 31 12 . . . 11 Largest 2 | . 2 2 1 2 . 2 2 1 . . . 1 Hottest 136 | . 60 60 75 111 . 98 136 75 . . . 49 Shots Fired 316 | . 152 51 1 14 . 24 51 12 . . . 11 Gun 304 | . 152 51 1 8 . 24 49 12 . . . 7 Cannon . | . . . . . . . . . . . . . Launcher 12 | . . . . 6 . . 2 . . . . 4 Special . | . . . . . . . . . . . . . Kinetic 203 | . 122 29 . 6 . 14 18 7 . . . 7 Thermal 64 | . . 15 1 2 . 10 31 5 . . . . Explosive 12 | . . . . 6 . . 2 . . . . 4 Electromagnetic 37 | . 30 7 . . . . . . . . . . Robot Hit Streak 11 | . 8 7 5 4 . 11 10 8 . . . 2 Robot Miss Streak 7 | . 7 2 . 2 . 3 3 1 . . . 2 Penetration Max 1 | . . . . . . . . 1 . . . 1 Secondary Targets 2 | . . 2 . . . . . . . . . . Max Gunslinging Chain 1 | . . 1 . . . . . . . . . . Shots Hit Robots 333 | . 76 33 9 8 . 19 37 45 58 4 38 6 Core Hits 133 | . 34 16 1 33 . 6 11 9 11 . 6 6 Critical Kills 4 | . . . . . . . 1 . 1 . 2 . Critical Parts Destroyed 30 | . . . 1 . . 1 1 7 11 . 9 . Critical Strikes 39 | . . . 1 . . 1 2 11 12 . 12 . Burn 3 | . . . . . . . . 3 . . . . Destroy 1 | . . . . . . . . 1 . . . . Smash 34 | . . . 1 . . 1 2 6 12 . 12 . Impale 1 | . . . . . . . . 1 . . . . Melee Attacks 305 | . . . 28 . . 3 6 90 104 13 49 12 Impact 250 | . . . 28 . . 3 6 60 91 13 44 5 Slashing 12 | . . . . . . . . . . . 5 7 Piercing 43 | . . . . . . . . 30 13 . . . Sneak Attacks 30 | . . . 1 . . . 3 9 14 2 1 . Combat Hostiles 7 | . . . . . . . 1 2 3 . 1 . Follow-up Attacks 20 | . . . . . . . . 4 6 1 9 . Damage Inflicted 12381 | . 888 358 349 1137 . 468 1268 2129 2946 346 1535 957 Guns 2630 | . 888 358 21 49 . 325 660 236 . . . 93 Cannons . | . . . . . . . . . . . . . Explosions 2061 | . . . . 1088 . . 190 . . . . 783 Melee 7656 | . . . 328 . . 143 418 1893 2946 346 1535 47 Ramming 34 | . . . . . . . . . . . . 34 Kinetic 1573 | . 675 185 . 49 . 178 234 159 . . . 93 Thermal 1084 | . . 89 21 . . 147 426 77 . . . 324 Explosive 1737 | . . . . 1088 . . 190 . . . . 459 Electromagnetic 297 | . 213 84 . . . . . . . . . . Impact 6800 | . . . 328 . . 143 418 1344 2767 346 1454 . Slashing 128 | . . . . . . . . . . . 81 47 Piercing 728 | . . . . . . . . 549 179 . . . Highest Corruption 8 | . 3 3 . . . . 4 5 8 2 4 6 Average Corruption 3 | . 3 3 . . . . 4 2 6 2 2 3 Corruption Purged 6 | . . . . . . . . 6 . . . . Corruption Blocked . | . . . . . . . . . . . . . Effects 72 | . . 13 . . . . 3 26 20 3 3 4 Message Errors 21 | . . 2 . . . . 1 8 8 2 . . Matter Fused 14 | . . 1 . . . . . 3 5 1 1 3 Heat Flow Errors 5 | . . . . . . . . 4 . . 1 . Energy Discharges 6 | . . 1 . . . . . 4 1 . . . Parts Rejected 1 | . . . . . . . . . 1 . . . Parts Fused 4 | . . . . . . . . 2 2 . . . Data Loss (minor) 14 | . . 5 . . . . 1 4 2 . 1 1 Data Loss (major) 2 | . . 1 . . . . . 1 . . . . Misfires 2 | . . 1 . . . . 1 . . . . . Alerts 2 | . . 1 . . . . . . 1 . . . Weapon Failures 1 | . . 1 . . . . . . . . . . Overload Shots . | . . . . . . . . . . . . . Overflow Damage 3100 | . . . 107 74 . 70 261 807 992 166 526 97 Projectiles . | . . . . . . . . . . . . . Explosions 207 | . . . . 74 . . 39 . . . . 94 Melee 2893 | . . . 107 . . 70 222 807 992 166 526 3 Knockbacks 21 | . . . 2 . . 2 1 4 7 1 4 . Impact 21 | . . . 2 . . 2 1 4 7 1 4 . Kinetic . | . . . . . . . . . . . . . Secondary . | . . . . . . . . . . . . . Self-Inflicted Damage 348 | . . . . 59 . . 14 . . . . 275 Shots 6 | . . . . 2 . . 1 . . . . 3 Rammed 4 | . . . . . . . . . . . . 4 Targets Rammed 4 | . . . . . . . . . . . . 4 Kicked . | . . . . . . . . . . . . . Crushed . | . . . . . . . . . . . . . Highest Temperature 393 | . 84 110 377 197 . 306 261 272 12 . 184 393 Average Temperature 110 | . 21 29 209 108 . 135 83 116 4 . 84 178 Received Heat Transfer 2231 | . 165 114 90 80 . 324 90 243 633 27 189 276 Effects 10 | . . . . . . 1 1 . . . . 8 Shutdowns 3 | . . . . . . . . . . . . 3 Energy Bleed 4 | . . . . . . 1 1 . . . . 2 Interference 1 | . . . . . . . . . . . . 1 Matter Decay 1 | . . . . . . . . . . . . 1 Short Circuit 1 | . . . . . . . . . . . . 1 Siege Activations . | . . . . . . . . . . . . . Robots Corrupted . | . . . . . . . . . . . . . Combat Hostiles . | . . . . . . . . . . . . . Parts Fried 45 | . 1 . 5 . . 2 2 14 16 3 2 . Impact Corruptions 90 | . . . 4 . . 3 5 21 34 5 17 1 Robots Melted 1 | . . . . . . . . 1 . . . . Combat Hostiles 1 | . . . . . . . . 1 . . . . Parts Melted 4 | . . . . . . . 1 2 1 . . . Heat Transferred 1806 | . . 200 37 . . 259 777 333 . . . 200 Parts Sabotaged . | . . . . . . . . . . . . . Parts Stolen . | . . . . . . . . . . . . . Parts Stripped . | . . . . . . . . . . . . . Power Chain Reactions . | . . . . . . . . . . . . . Missiles Intercepted . | . . . . . . . . . . . . . Alert | -11 -10 -10 -9 -9 -9 -8 -8 -7 -7 -6 -5 -4 ------- Run | Jun Mat Min Mat Min Exi Min Mat Fac Sto Fac Fac Fac Peak Influence 856 | . 434 400 266 120 . 110 176 485 856 461 294 447 Initial 384 | . . 169 53 28 . . 11 49 220 384 76 55 Average 209 | . 116 296 153 74 . 77 72 168 563 350 141 190 Maximum Alert Level 3 | . 2 2 1 . . . . 2 3 2 1 2 Low Security (%) 57 | 100 78 5 80 100 . 100 100 63 . 20 78 42 Level 1 23 | . 15 69 19 . . . . 18 23 26 21 53 Level 2 16 | . 6 24 . . . . . 18 47 53 . 3 Level 3 2 | . . . . . . . . . 29 . . . Level 4 . | . . . . . . . . . . . . . Level 5 . | . . . . . . . . . . . . . High Security . | . . . . . . . . . . . . . Max Security . | . . . . . . . . . . . . . Squads Dispatched 34 | . 3 . . . . . 2 10 6 3 5 5 Investigation 17 | . 2 . . . . . . 6 2 2 4 1 Extermination 4 | . . . . . . . . 3 . . 1 . Reinforcement 11 | . 1 . . . . . 2 1 2 1 . 4 Assault 2 | . . . . . . . . . 2 . . . Garrison . | . . . . . . . . . . . . . Intercept . | . . . . . . . . . . . . . Searches Triggered 2 | . . . . . . . . . 1 1 . . Construction Impeded 1 | . . . . . . . 1 . . . . . Haulers Reinforced 3 | . . . . . . . . . 2 . . 1 Active Scanning Responses . | . . . . . . . . . . . . . Cargo Convoy Interrupts . | . . . . . . . . . . . . . Stealth | -11 -10 -10 -9 -9 -9 -8 -8 -7 -7 -6 -5 -4 --------- Run | Jun Mat Min Mat Min Exi Min Mat Fac Sto Fac Fac Fac Distress Signals 7 | . 1 . . . . . 4 . 1 . . 1 Communications Jammed 59 | . . . . . . . . . 59 . . . Distress Signals 59 | . . . . . . . . . 59 . . . Times Spotted 253 | . 34 12 9 28 . 7 14 43 44 6 12 44 Peak Tracking Total 18 | . 6 3 2 18 . 4 5 7 9 6 4 17 Tactical Retreats 43 | . 4 1 2 3 . . 2 9 14 . 2 6 Traps | -11 -10 -10 -9 -9 -9 -8 -8 -7 -7 -6 -5 -4 ------- Run | Jun Mat Min Mat Min Exi Min Mat Fac Sto Fac Fac Fac Traps Triggered 14 | . 4 . . . . . 1 5 1 1 1 1 Indirectly . | . . . . . . . . . . . . . Trap Hack Attempts . | . . . . . . . . . . . . . Triggered . | . . . . . . . . . . . . . Disarmed . | . . . . . . . . . . . . . Reprogrammed . | . . . . . . . . . . . . . Reused 5 | . . . . . . . . 5 . . . . Traps Reconfigurated 5 | . . . . . . . . 5 . . . . Traps Extracted . | . . . . . . . . . . . . . Installed . | . . . . . . . . . . . . . Triggered 5 | . . . . . . . . 5 . . . . Machines | -11 -10 -10 -9 -9 -9 -8 -8 -7 -7 -6 -5 -4 ---------- Run | Jun Mat Min Mat Min Exi Min Mat Fac Sto Fac Fac Fac Machines Disabled 9 | . . 1 . . . . 1 1 1 . . 5 Max in Single Turn 3 | . . . . . . . 1 1 1 . . 3 Machines Repaired . | . . . . . . . . . . . . . Machines Sabotaged . | . . . . . . . . . . . . . Overloaded Fab Kills . | . . . . . . . . . . . . . Hacking | -11 -10 -10 -9 -9 -9 -8 -8 -7 -7 -6 -5 -4 --------- Run | Jun Mat Min Mat Min Exi Min Mat Fac Sto Fac Fac Fac Machines Accessed 57 | . 7 1 5 . 1 . 4 19 5 6 8 1 Terminals 40 | . 7 . 4 . . . 3 15 5 1 5 . Fabricators 8 | . . . . . . . . 3 . 2 2 1 Repair Stations 4 | . . . . . . . . 1 . 3 . . Recycling Units 1 | . . . . . . . . . . . 1 . Scanalyzers 2 | . . . 1 . . . 1 . . . . . Garrison Access . | . . . . . . . . . . . . . Total Hacks 135 | . 19 1 12 . 1 . 13 39 8 20 19 3 Successful 70 | . 9 1 8 . 1 . 10 21 3 8 8 1 Failed 65 | . 10 . 4 . . . 3 18 5 12 11 2 Catastrophic 21 | . 3 . 1 . . . 1 5 4 4 3 . Database Lockouts . | . . . . . . . . . . . . . Manual 64 | . 19 . 8 . 1 . 5 19 . 2 10 . Terminals 87 | . 19 . 8 . . . 8 28 8 6 10 . Fabricators 21 | . . . . . . . . 8 . 3 7 3 Repair Stations 14 | . . . . . . . . 3 . 11 . . Recycling Units 2 | . . . . . . . . . . . 2 . Scanalyzers 9 | . . . 4 . . . 5 . . . . . Garrison Access . | . . . . . . . . . . . . . Terminal Hacks 19 | . 2 1 . . 1 . 2 8 3 1 1 . Record 3 | . . . . . . . . 1 2 . . . Part Schematic 3 | . . . . . . . . 2 . 1 . . Robot Schematic 1 | . . . . . . . . 1 . . . . Open Door 2 | . . 1 . . . . . . 1 . . . Open DSF 2 | . . . . . . . . 1 . . 1 . Branch Access Points 2 | . 1 . . . . . . 1 . . . . Terminal Index 3 | . 1 . . . . . 1 1 . . . . Alert Level 2 | . . . . . . . 1 1 . . . . EX-Prototype ID Bank 1 | . . . . . 1 . . . . . . . Fabricator Hacks 8 | . . . . . . . . 4 . . 3 1 Load Schematic 5 | . . . . . . . . 2 . . 2 1 Build 3 | . . . . . . . . 2 . . 1 . Repair Station Hacks 8 | . . . . . . . . 2 . 6 . . Scan Component 5 | . . . . . . . . 1 . 4 . . Repair 3 | . . . . . . . . 1 . 2 . . Recycling Unit Hacks 1 | . . . . . . . . . . . 1 . Retrieve Components 1 | . . . . . . . . . . . 1 . Scanalyzer 9 | . . . 4 . . . 5 . . . . . Insert Component 5 | . . . 2 . . . 3 . . . . . Analyze 4 | . . . 2 . . . 2 . . . . . Garrison Access Hacks . | . . . . . . . . . . . . . Unauthorized Hacks 25 | . 7 . 4 . . . 3 7 . 1 3 . Terminals 24 | . 7 . 4 . . . 3 7 . 1 2 . Assimilate 3 | . . . . . . . . 3 . . . . Botnet 21 | . 7 . 4 . . . 3 4 . 1 2 . Fabricators . | . . . . . . . . . . . . . Repair Stations . | . . . . . . . . . . . . . Recycling Units 1 | . . . . . . . . . . . 1 . Monitor 1 | . . . . . . . . . . . 1 . Scanalyzers . | . . . . . . . . . . . . . Garrison Access . | . . . . . . . . . . . . . Data Cores Recovered 1 | . 1 . . . . . . . . . . . Used . | . . . . . . . . . . . . . Hacking Detections 44 | . 7 . 3 . . . 3 14 4 6 6 1 Full Trace Events 16 | . 1 . 1 . . . . 6 2 2 3 1 Feedback Events 3 | . . . . . . . . 1 1 . 1 . Corruption 3 | . . . . . . . . 1 1 . 1 . Feedback Blocked . | . . . . . . . . . . . . . Robot Schematics Acquired 1 | . . . . . . . . 1 . . . . Robots Built 1 | . . . . . . . . 1 . . . . Authchips . | . . . . . . . . . . . . . Time 116 | . . . . . . . . 116 . . . . Total Robot Build Rating 3 | . . . . . . . . 3 . . . . Part Schematics Acquired 7 | . . . 2 . . . 2 2 . 1 . . Parts Built 2 | . . . . . . . . 2 . . . . Authchips . | . . . . . . . . . . . . . Time 159 | . . . . . . . . 53 . . 106 . Total Part Build Rating 12 | . . . . . . . . 12 . . . . Parts Repaired 3 | . . . . . . . . 1 . 2 . . Time 133 | . . . . . . . . 54 . 79 . . Parts Recycled . | . . . . . . . . . . . . . Recycled Matter . | . . . . . . . . . . . . . Retrieved Matter . | . . . . . . . . . . . . . Retrieved Components 2 | . . . . . . . . . . . 2 . Parts Scanalyzed 4 | . . . 2 . . . 2 . . . . . Part Schematics Acquired 4 | . . . 2 . . . 2 . . . . . Parts Damaged . | . . . . . . . . . . . . . Bothacking | -11 -10 -10 -9 -9 -9 -8 -8 -7 -7 -6 -5 -4 ------------ Run | Jun Mat Min Mat Min Exi Min Mat Fac Sto Fac Fac Fac Used RIF Installer . | . . . . . . . . . . . . . Robots Hacked . | . . . . . . . . . . . . . Non-combat . | . . . . . . . . . . . . . Combat . | . . . . . . . . . . . . . Robot Hacks Applied . | . . . . . . . . . . . . . Relay Couplers Released . | . . . . . . . . . . . . . Fabnet Peak Effective % . | . . . . . . . . . . . . . Robots Rewired . | . . . . . . . . . . . . . Allies Hacked . | . . . . . . . . . . . . . Hacks Repelled . | . . . . . . . . . . . . . Allies | -11 -10 -10 -9 -9 -9 -8 -8 -7 -7 -6 -5 -4 -------- Run | Jun Mat Min Mat Min Exi Min Mat Fac Sto Fac Fac Fac Total Allies 10 | . . 2 . 4 . . . 2 2 . . . Largest Group 3 | . . 2 2 3 1 1 . 2 2 . . . Highest-Rated Group 62 | . . 54 54 40 31 31 . 36 62 . . . Highest-Rated Ally 31 | . . 31 31 31 31 31 . 26 31 . . . Total Orders 1 | . . . . . . . . . 1 . . . EXPLORE 1 | . . . . . . . . . 1 . . . Ally Attacks 38 | . . 7 4 . . 6 . . 21 . . . Total Damage 632 | . . 84 83 . . 87 . . 378 . . . Kills 9 | . . 3 2 . . 2 . . 2 . . . Allies Corrupted . | . . . . . . . . . . . . . Allies Melted . | . . . . . . . . . . . . . Intel | -11 -10 -10 -9 -9 -9 -8 -8 -7 -7 -6 -5 -4 ------- Run | Jun Mat Min Mat Min Exi Min Mat Fac Sto Fac Fac Fac Robot Analysis Total . | . . . . . . . . . . . . . Derelict Logs Recovered 4 | . . 2 . 2 . . . . . . . . Drone Launches 2 | . . . . . . . . . 2 . . . Drone Recoveries . | . . . . . . . . . . . . . Exploration | -11 -10 -10 -9 -9 -9 -8 -8 -7 -7 -6 -5 -4 ------------- Run | Jun Mat Min Mat Min Exi Min Mat Fac Sto Fac Fac Fac Turns Passed 7667 | 3 749 832 420 315 222 543 590 1881 727 503 442 440 Spaces Moved 8271 | 3 804 811 603 575 203 223 826 2100 499 634 441 549 Core 2 | . . . . . . . 2 . . . . . Treads 328 | . . . 1 . 93 223 11 . . . . . Legs 727 | 3 242 482 . . . . . . . . . . Wheels 552 | . . . . . . . 94 458 . . . . Hover 3499 | . . . . . . . . 1575 499 634 441 350 Flight 3163 | . 562 329 602 575 110 . 719 67 . . . 199 Fastest Speed 28 | 120 37 34 28 28 54 170 37 38 45 55 56 37 Average Speed 62 | 120 61 86 53 36 107 219 46 54 50 55 57 60 Slowest Speed 250 | 120 120 120 170 54 170 250 170 120 63 110 106 122 Overloaded Moves . | . . . . . . . . . . . . . Propulsion Burnouts . | . . . . . . . . . . . . . Robots Hopped 11 | . . 4 . 3 . . 3 . . . . 1 Cave-ins Triggered . | . . . . . . . . . . . . . Exploration Rate (%) 54 | 2 91 98 48 95 60 64 46 59 69 28 13 31 Regions Visited 12 Branch Regions 5 Pre-discovered Areas 1 | . . . . 1 . . . . . . . . Known Exits Taken 5 | . 1 . 1 . . 1 . 1 1 . . . Unknown Exits Taken 7 | 1 . 1 . 1 1 . 1 . . 1 1 . Scrap Searched 4 | . . 1 . 2 . 1 . . . . . . Spaces Dug 88 | . . . 11 . . . 3 38 19 6 3 8 Terrain Destroyed 212 | . . . 11 45 . . 20 38 19 6 3 70 Melee 87 | . . . 11 . . . 3 37 19 6 3 8 Projectile 5 | . . . . 1 . . . 1 . . . 3 AOE 120 | . . . . 44 . . 17 . . . . 59 Terrain Rammed . | . . . . . . . . . . . . . Walls Destroyed . | . . . . . . . . . . . . . Machines Disabled . | . . . . . . . . . . . . . Actions | -11 -10 -10 -9 -9 -9 -8 -8 -7 -7 -6 -5 -4 --------- Run | Jun Mat Min Mat Min Exi Min Mat Fac Sto Fac Fac Fac Total 10026 | 2 923 897 660 665 208 248 970 2690 813 766 557 627 Wait 865 | . 6 28 4 72 4 2 53 401 176 81 36 2 Move 8237 | 2 803 802 602 568 202 222 819 2099 498 633 440 547 Hop 11 | . . 4 . 3 . . 3 . . . . 1 Pick Up 125 | . 12 12 7 1 1 3 10 15 15 17 16 16 Fast Attach 48 | . 2 1 3 1 . 1 5 23 3 . 1 8 Attach 94 | . 4 4 4 3 1 3 11 11 14 7 16 16 Detach 19 | . 1 1 1 2 . . 4 3 . 1 4 2 Swap 55 | . 5 5 3 2 . . 16 12 5 5 1 1 Drop 114 | . 14 13 7 1 . . 12 26 13 12 7 9 Fire 184 | . 76 27 1 12 . 14 31 12 . . . 11 Melee 265 | . . . 28 . . 3 6 83 89 10 36 10 Ram 4 | . . . . . . . . . . . . 4 Kick . | . . . . . . . . . . . . . Crush . | . . . . . . . . . . . . . Escape Stasis 5 | . . . . . . . . 5 . . . . Rewire . | . . . . . . . . . . . . . Trap . | . . . . . . . . . . . . . Miscellaneous . | . . . . . . . . . . . . . Route ------- -11/Junkyard -10/Materials (discovered 3 exits: *Mat x2 / *Min) -10/Mines (discovered 2 exits: *Mat x2) -9/Materials (discovered 2 exits: *Mat / *Min) -9/Mines (discovered 3 exits: *Mat x2 / *Exi) -9/Exiles -8/Mines -8/Materials -7/Factory (discovered 4 exits: *Fac / *Sto / Low x2) -7/Storage -6/Factory (discovered 3 exits: *Fac / *Low x2) -5/Factory -4/Factory (discovered 2 exits: [*Upp x2]) History --------- Turn | Location | Event 1 | -11/Junkyard | Discovered new exit (range 2) 4 | -11/Junkyard | Entered Materials 63 | -10/Materials | Discovered new exit (range 16) 305 | -10/Materials | Build established: Mutant 695 | -10/Materials | Discovered new exit (range 11) 699 | -10/Materials | Identified exit to Mines 753 | -10/Materials | Entered Mines 756 | -10/Mines | Core integrity fell below 50% 786 | -10/Mines | A weapon hastily lodged in a ceiling crevice suddenly fell to the ground 839 | -10/Mines | Discovered new exit (range 15) 906 | -10/Mines | Met a Derelict who couldn't figure out how to use a Trap Extractor 947 | -10/Mines | Core integrity fell below 20% 963 | -10/Mines | Discovered new exit (range 13) 985 | -10/Mines | Learned 4 Materials zone layouts 1169 | -10/Mines | Build established: Scavenger-Mutant 1310 | -10/Mines | Learned 2 Materials zone layouts 1585 | -10/Mines | Entered Materials 1585 | -9/Materials | Accompanied by 2 allies 1585 | -9/Materials | Evolved 2 slots: Propulsion x2 1586 | -9/Materials | Identified exit to Mines 1586 | -9/Materials | Identified exit to Materials 1590 | -9/Materials | Led the pair of lost Derelicts to an unsafe place 1960 | -9/Materials | Build established: Mutant 2005 | -9/Materials | Entered Mines 2038 | -9/Mines | Learned location of Storage (-7) 2039 | -9/Mines | Discovered exit to Materials (range 15) 2049 | -9/Mines | Assisted by bots powering up and referring to "LRC-V3" 2060 | -9/Mines | Assembled infested the area 2104 | -9/Mines | Destroyed 19 combat bots 2126 | -9/Mines | Joined a pair of Derelicts in attacking an 0b10 outpost 2180 | -9/Mines | Discovered exit to Materials (range 7) 2201 | -9/Mines | Lost 3 parts (1p2n) 2208 | -9/Mines | Received a Mining Laser from a helpful Derelict 2231 | -9/Mines | Found a damaged Exp. Sensor Array with a note attached 2233 | -9/Mines | Found Prototype Device 2252 | -9/Mines | Deemed a non-threat by the Exiles lab entrance 2252 | -9/Mines | Discovered new exit (range 5) 2320 | -9/Mines | Entered Exiles 2320 | -9/Exiles | Accompanied by 1 ally 2333 | -9/Exiles | Met 8R-AWN 2343 | -9/Exiles | Met EX-HEX 2358 | -9/Exiles | Met EX-BIN 2364 | -9/Exiles | Aligned with FarCom system 2365 | -9/Exiles | Given EX-Vault access code 2377 | -9/Exiles | Opened EX-Vault 2381 | -9/Exiles | Found Trap Reconfigurator 2414 | -9/Exiles | Warned to stay clear of 0b10 Research branches 2462 | -9/Exiles | Met EX-DEC 2523 | -9/Exiles | Discovered new exit (range 10) 2542 | -9/Exiles | Left Exiles lab with Trap Reconfigurator 2542 | -9/Exiles | Entered Mines 2542 | -8/Mines | Accompanied by 1 ally 2870 | -8/Mines | Build established: Scavenger-Mutant 2939 | -8/Mines | Core integrity fell below 50% 2960 | -8/Mines | Lost 4 parts (1p1n2w) 3077 | -8/Mines | Discovered exit to Materials (range 5) 3085 | -8/Mines | Entered Materials 3085 | -8/Materials | Evolved 2 slots: Utility x2 3284 | -8/Materials | Identified Exp. Sensor Array 3521 | -8/Materials | Discovered new exit (range 10) 3675 | -8/Materials | Entered Factory 3675 | -7/Factory | Evolved 2 slots: Utility x2 3676 | -7/Factory | Identified exit to Storage 3700 | -7/Factory | Lost 5 parts (3n1u1w) 3842 | -7/Factory | Identified exit to Lower Caves 3891 | -7/Factory | Discovered new exit (range 4) 3969 | -7/Factory | Build established: Hacker-Mutant 3990 | -7/Factory | Repaired Exp. Sensor Array 4783 | -7/Factory | Build established: Scout 4787 | -7/Factory | Fabricated O-24 Administrator (x1) 5193 | -7/Factory | Fabricated Cmb. Gravmag System? 5556 | -7/Factory | Entered Storage 5659 | -7/Storage | Build established: Mutant 5859 | -7/Storage | Met a pair of Derelict thieves 5956 | -7/Storage | Search patrols dispatched 6112 | -7/Storage | Core integrity fell below 50% 6263 | -7/Storage | Lost 4 parts (2p2n) 6276 | -7/Storage | Discovered new exit (range 14) 6282 | -7/Storage | Identified exit to Factory 6283 | -7/Storage | Entered Factory 6283 | -6/Factory | Evolved 2 slots: Power x1, Weapon x1 6482 | -6/Factory | Discovered new exit (range 18) 6491 | -6/Factory | Identified exit to Lower Caves 6552 | -6/Factory | Discovered exit to Lower Caves (range 9) 6633 | -6/Factory | Search patrols dispatched 6658 | -6/Factory | Repaired Exp. Sensor Array 6725 | -6/Factory | Repaired Lgt. Angular Momentum Engine 6772 | -6/Factory | Discovered new exit (range 9) 6786 | -6/Factory | Entered another Factory area 6786 | -5/Factory | Evolved 2 slots: Utility x2 6870 | -5/Factory | Lost 3 parts (2p1u) 7138 | -5/Factory | Lost 3 parts (1p1n1u) 7153 | -5/Factory | Discovered new exit (range 4) 7174 | -5/Factory | Build established: Scout 7228 | -5/Factory | Entered another Factory area 7228 | -4/Factory | Evolved 2 slots: Propulsion x2 7248 | -4/Factory | Spotted B-86 Titan 7259 | -4/Factory | Noticed a derelict Sapper rigging charges 7259 | -4/Factory | Spotted B-86 Titan 7322 | -4/Factory | Lost 4 parts (1n3w) 7398 | -4/Factory | Discovered new exit (range 9) 7401 | -4/Factory | Lost 3 parts (1n2u) 7547 | -4/Factory | Core integrity fell below 50% 7550 | -4/Factory | Discovered new exit (range 22) 7611 | -4/Factory | Lost 7 parts (4n2u1w) 7664 | -4/Factory | Core integrity fell below 20% 7668 | -4/Factory | Destroyed self via exploding Fusion Modulator Last Messages --------------- 07629_ Imp. Reaction Control System destroyed. 07629_ Slug penetrates Wall. 07642_ ALERT: Suspicious intruders detected, dispatching Cutter reinforcements to area. 07642_ >> Machine Analyzer network decryption results: 07642_ DSF Access x1 07642_ Terminal x1 07645_ Acquired Force Booster. 07647_ Acquired Unknown Piercing Weapon. 07648_ Identified Force Lance. 07658_ Terminal disabled. 07668_ Mic. Fission Core severed. 07668_ Fusion Modulator explodes. 07668_ Destroyed Imp. Surge Thruster. 07668_ C-35 Carver destroyed. 07668_ Fusion Modulator explodes. 07668_ Destroyed Imp. Surge Thruster. 07668_ Destroyed Imp. Reaction Control System. 07668_ C-35 Carver destroyed. 07668_ Fusion Modulator explodes. Map ----- +----------------------------------------------------+ | ?????????????????????# """ """ """ # + " | | ?????????????????????# """ """ """ + # ! " | | ?????????????????????# """ """ """ # + " | | ?????????????????????# # # " | | ?????????????????????# ! # # ? | | ?????????????????????#############+# ##"### | | ?????????????????????????????????# | | ?????????????????????????????????# "#/### | | ?????????????????????????????????# ####### | | ?????????????????????????????????# #?????# | | ???????????????????????H?????????# #?????# " " | | ????????????????????????????????##h##+#####?# "Y" | | ????????????????????????????????#gY #?# """ | | ??????????????????T?????????????#g""T"" #?# | | ??????????????????????????????###h """" #?###### | | ?????????????????????????????##g g #??????? | | ???????????????????###########;############??????? | | ???????????????????# Y #????????????????? | | ???????????????????# """""p#????????????????? | | ???????????????????# ""R""g#????????????????? | | ???????????????????# " "g #????????????????? | | ???????????????????# = #????????????????? | | ???????????????????# /% #????????????????? | | ???????????????????# * #????????????????? | | ?????????????h?????# % c #????????????????? | | ???????????????????# @ #????????????????? | | ???????????????????# #????????????????? | | ???????????????????# #????????????????? | | ?????????????h?????# #????????????????? | | ???????????????????###;;;;;;;;;##????????????????? | | ????????????????????? k ????????????????? | | ???????????????????? k ???????????????? | | ????????????????""""""" """"""" """""""?"""""""??? | | ????????????????""""""" """"""" """""""?"""""""??? | | ????????????????""""""" """"""" """""""?"""""""??? | | ????????????????""""""" """"""" """""""?"""""""??? | | ??????????????????? ?????????????? | | ????????????????????? ??? ?????????"""?? | | ???????????????????? ?????? ???????????G"?? | | ????????????????????? ?????????????????????"""?? | | ???????????????????? ??????????????????????????? | | ????????????????????? ??????????????????????????? | | ???????????????????? #??????????????????????????? | | ????????????????????? ???????????????????????????? | | ???????????????????? ???????????????????????????? | | ?????????????????????????????????????????????????? | | ????????????????????????????????????????"""??????? | | ????????????????????????????????????????"Y"??????? | | ????????????????????????????????????????"?"??????? | | ?????????????????????????????????????????????????? | +----------------------------------------------------+ Best States ------------- Heat Dissipation 45 Coolant Potential 100 Energy Generation 29 Energy Capacity 360 Matter Stores 300 Matter Capacity 300 Sight Range 22 Robot Scan Range 20 Terrain Scan Density 10 ECM Strength 2 Jamming Range 12 Additional Mass Support 6 Armor Coverage 600 Propulsion Shielding 66 Evasion (%) 72 Targeting Accuracy 8 Melee Accuracy 32 Core Analysis 6 Recoil Reduction 1 Offensive Hacking 20 Defensive Hacking 12 Item Schematics ----------------- Beamcaster | -9/Materials | Scanalyzed Lgt. Angular Momentum Engine | -9/Materials | Scanalyzed Adv. Targeting Computer | -8/Materials | Scanalyzed Hacking Suite | -8/Materials | Scanalyzed Cmb. Gravmag System | -7/Factory | Hacked Adv. Signal Interpreter | -7/Factory | Hacked Adv. Hacking Suite | -6/Factory | Hacked Robot Schematics ------------------ O-24 Administrator | -7/Factory | Hacked Fabricated ------------ O-24 Administrator | x1 | -7/Factory Cmb. Gravmag System | x2 | -7/Factory Alien Tech Used ----------------- None Achievements -------------- Ambidextrous Exterminator Challenges ------------ None Game ------ Seed TrapLightpackBeamcaster Manual? 0 Play Time 01:49:12 Cumulative 103.4 hours Start 2023.12.04 @ 16:17:32 End 2023.12.04 @ 21:12:46 Sessions 3 Manual Loads 0 Difficulty Rogue Special Mode None Game No. 147 Rogue 147 Adventurer 0 Explorer 0 Win Type - Total 0 Types 0/0/0/0/0/0/0/0/0 Lore% 31 Gallery% 56 Achievement% 39 Wizard Run 0 Options --------- ASCII 0 Keyboard 0 Movement Mouse Keybinds 0 Fullscreen 2 Font 18/SmallcapsGlow Map View 76x50 Tactical HUD 1 Map Filters NONE Filters NONE Steam 1 RUN: f4388931-893c-4af6-af62-712d161a8c36